 Dungeon Crawl Stone Soup version 0.31-a0-236-g9a0961fb85 (webtiles) character file.

Game seed: 11756096761634153301

55 dolemite99 the Ruffian (level 3, -3/28 HPs)
             Began as a Draconian Transmuter on July 11, 2023.
             Slain by a gnoll
             ... wielding a +0 halberd
              (8 damage)
             ... on level 2 of the Dungeon.
             The game lasted 00:01:47 (2370 turns).

dolemite99 the Ruffian (Draconian Transmuter)       Turns: 2370, Time: 00:01:48

Health: -3/28      AC:  5    Str: 12    XL:     3   Next: 67%
Magic:  5/6        EV: 12    Int: 15    God:
Gold:   80         SH:  0    Dex: 11    Spells: 5/6 levels left

rFire   . .          .
                       - Unarmed
rCold   . . .        (no shield)
rNeg    . . .        (body armour unavailable)
rPois   .            (helmet currently unavailable)
rElec   .            (no cloak)
rCorr   .            (no gloves)
SInv    .            (boots currently unavailable)
Will    .....        (no amulet)
Stlth   +            (no ring)
HPRegen 0.24/turn    (no ring)
MPRegen 0.10/turn

%: no passive effects
@: appendages (expiring)
A: horns 2, talons 2, AC +5, unfitting armour, cold-blooded
a: End Transformation


You were on level 2 of the Dungeon.
You had temporarily grown beastly horns and talons.
You visited 1 branch of the dungeon, and saw 3 of its levels.

You collected 80 gold pieces.

Inventory:

Scrolls
 b - a scroll of immolation {unknown}
 f - a scroll of enchant weapon {unknown}
Potions
 a - a potion of lignification
 d - 2 potions of enlightenment {unknown}
 e - 2 potions of curing {unknown}
 g - 2 potions of degeneration {unknown}


   Skills:
 - Level 1.1 Fighting
 - Level 1.7 Dodging
 + Level 4.7 Unarmed Combat
 - Level 2.0 Spellcasting
 - Level 2.0 Transmutations


You had 5 spell levels left.
You knew the following spells:

 Your Spells              Type           Power      Damage    Failure   Level
a - Beastly Appendage     Tmut           14%        N/A       10%         1

Your spell library contained the following spells:

 Spells                   Type           Power      Damage    Failure   Level
 Wereblood                Tmut           7%         N/A       14%         2
 Spider Form              Tmut/Pois      4%         N/A       41%         3
 Stone Arrow              Conj/Erth      2%         3d7       54%         3
 Ice Form                 Ice/Tmut       4%         N/A       82%         4
 Lehudib's Crystal Spear  Conj/Erth      0%         10d2      100%        8
 Animate Armour           Summ/Erth      Unusable   N/A       N/A         4

Dungeon Overview and Level Annotations

Branches:
Dungeon (3/15)

Altars:
Xom


Innate Abilities, Weirdness & Mutations

You have temporarily grown beastly horns and talons.
Your plain brown scales are hard. (AC +5)
You cannot fit into any form of body armour.
You are cold-blooded and may be slowed by cold attacks.


Message History

You kill the orc!
Things that are here:
a +0 hand axe; an orc corpse You start resting.
HP restored.
You start waiting.
Done waiting.
Found a stone staircase leading up.
Found 15 gold pieces.
There is a stone staircase leading up here.
You now have 75 gold pieces (gained 15).
There is a stone staircase leading up here.
You climb upwards.
Found a shimmering altar of Xom.
There is a stone staircase leading down here.
Found 5 gold pieces.
You see here 5 gold pieces.
You now have 80 gold pieces (gained 5).
Casting: Beastly Appendage (safe; 10% risk of failure)
Confirm with . or Enter, or press ? or * to list all spells.
You grow a pair of large bovine horns.
Your feet morph into talons.
The gnoll hits you from afar with a +0 halberd.
The gnoll hits you with a +0 halberd!
You barely miss the gnoll. Your kick misses the gnoll. You headbutt the gnoll.
You tail-slap the gnoll.
The gnoll is moderately wounded.
The gnoll barely misses you.
You barely miss the gnoll. You claw the gnoll, but do no damage.
You headbutt the gnoll.
The gnoll is heavily wounded.
The gnoll barely misses you.
You closely miss the gnoll. Your headbutt misses the gnoll.
The gnoll is heavily wounded.
Your transformation is almost over.
The gnoll hits you with a +0 halberd!
* * * LOW HITPOINT WARNING * * *
You hit the gnoll but do no damage.
The gnoll is heavily wounded.
The gnoll hits you with a +0 halberd!
You die...

#.......#
#..#.##.# #.
#..#.# #
#..#####g..#.
#.........###.
##.......## #.
#######..# ##
############.#.#
.........@g..##.#
############## .#
# #. ###.# #
..>.### #.##
#..#.. #...
.#####....#######
.............#...


You could see a gnoll.

Vanquished Creatures
  2 adders (D:2)
  A dart slug (D:1)
  3 orcs (D:3)
  4 ball pythons
  4 endoplasms (D:1)
  2 giant cockroaches (D:1)
  3 goblins (D:1)
  2 quokkas (D:1)
  4 bats (D:1)
  3 frilled lizards
  2 kobolds (D:1)
  2 rats
32 creatures vanquished.

Notes
Turn   | Place    | Note
-------+----------+-------------------------------------------
     0 | D:1      | dolemite99 the Draconian Transmuter began the quest for the
                  | Orb.
     0 | D:1      | Reached XP level 1. HP: 16/16 MP: 3/3
   220 | D:1      | Reached XP level 2. HP: 21/23 MP: 5/5
   527 | D:1      | Reached skill level 4 in Unarmed Combat
  1067 | D:2      | Reached XP level 3. HP: 13/28 MP: 4/6
  2343 | D:2      | Found a shimmering altar of Xom.
  2370 | D:2      | Slain by a gnoll

Illustrated notes

Levels and vault maps discovered:
D:1:      ldierk_walled_garden_2, layout_loops_corners, serial_glass,
          glass_columns_a, glass_columns_a, minmay_misc_feat_roman,
          chequers_serial_rivers_micro_d
D:2:      layout_loops_ring, basic_altar, kennysheep_nondescript, hex_medium
D:3:      layout_rooms

Skill      XL: |  1  2 |
---------------+-------+-----
Unarmed Combat | 4 |  4.7
Fighting       | |  1.1
Dodging        | |  1.7
Spellcasting   | |  2.0
Transmutations | |  2.0

Action                     || total
---------------------------++-------
  Melee: Unarmed           ||   117
         Tailslap          ||     7
         Kick              ||    18
         Headbutt          ||    11
         Punch             ||     2
   Cast: Beastly Appendage ||    20
    Use: Scroll            ||     1
 Armour: Skin              ||    53
  Dodge: Dodged            ||    98

Table legend: (Time is in decaauts)
 A = Elapsed time spent in this place.
 B = Non-inter-level travel time spent in this place.
 C = Inter-level travel time spent in this place.
 D = Time resting spent in this place.
 E = Time spent auto-exploring this place.
 F = Levels seen in this place.
 G = Mean time per level.
                   A        B        C        D        E       F      G
               +--------+--------+--------+--------+--------+-----+--------+
         Total |   2361 |   2333 |     28 |    918 |   1002 |   3 |  787.0 |
       Dungeon |   2361 |   2333 |     28 |    918 |   1002 |   3 |  787.0 |
               +--------+--------+--------+--------+--------+-----+--------+

Top non-repeatable levels by time:
     D:1: 1047 daAuts
     D:2: 972 daAuts
     D:3: 342 daAuts
